 Dungeon Sprint DCSS version 0.20-a0-785-g17250f0 (webtiles) character file.

167340 esc the Invulnerable (level 17, -12/139 HPs)
             Began as a Gargoyle Fighter on Feb 27, 2017.
             Was the Champion of Wu Jian.
             Killed by the air
             ... invoked by a spriggan air mage
              (35 damage)
             ... in the Dungeon (Sprint V: "Ziggurat Sprint").
             The game lasted 00:43:41 (1587 turns).

esc the Invulnerable (Gargoyle Fighter)             Turns: 1587, Time: 00:43:42

Health: -12/139    AC: 58    Str: 30    XL:     17   Next: 92%
Magic:  20/29      EV: 19    Int: 12    God:    Wu Jian [******]
Gold:   0          SH: 36    Dex: 14    Spells: 16/16 levels left

rFire    + . .     SeeInvis +   I - +5 demon whip (slash)
rCold    + + .     Gourm    .   a - +15 Maxwell's patent armour {-Cast -Tele rElec MR+ rCorr}
rNeg     + + .     Faith    .   b - +18 shield of the Gong {rElec rN+ MR+ EV-5}
rPois    ∞         Spirit   .   D - +1 helmet {SInv}
rElec    +         Reflect  .   T - +1 cloak
rCorr    +         Harm     .   Z - +0 pair of gloves {Dex+3}
MR       +++..     NoTele   +   (no boots) Stlth ..........NoCast +
                                N - amulet of the Air {Inacc +Fly rElec EV+5 RMsl}
Regen    0.4/turn               P - ring "Nelobank" {rF+ rC++}
MPRegen  0.3/turn               J - +6 ring of strength

@: exhausted, flying, glowing, studying Throwing, repel missiles, heaven on
earth
A: big wings, agile 1, negative energy resistance 1, electricity resistance,
unbreathing, petrification resistance, rot immunity, AC +12
a: Stop Flying, Serpent's Lash, Heaven On Earth, Renounce Religion


You were in the Dungeon.
You worshipped Wu Jian.
Wu Jian was exalted by your worship.
You were hungry.

You visited 1 branch

Inventory:

Hand Weapons
 c - the +10 dark maul {crush}
   (You found it in the Dungeon)

   It inflicts extra damage upon your enemies.
 I - a +5 demon whip of slashing (weapon)
   (You found it in the Dungeon)
 K - a +2 vampiric demon whip {!w}
   (You found it in the Dungeon)
Armour
 a - the +15 Maxwell's patent armour (worn) {-Cast -Tele rElec MR+ rCorr}
   (You found it in the Dungeon)

   It insulates you from electricity.
   It affects your resistance to hostile enchantments.
   It prevents spellcasting.
   It prevents most forms of teleportation.
   It protects you from acid and corrosion.
 b - the +18 shield of the Gong (worn) {rElec rN+ MR+ EV-5}
   (You found it in the Dungeon)

   It affects your evasion (-5).
   It insulates you from electricity.
   It protects you from negative energy.
   It affects your resistance to hostile enchantments.
 D - a +1 helmet of see invisible (worn)
   (You found it in the Dungeon)
 T - a +1 cloak (worn)
   (You took it off a draconian knight in the Dungeon)
 Z - a +0 pair of gloves of dexterity (worn)
   (You found it in the Dungeon)
Jewellery
 J - a +6 ring of strength (left hand)
   (You found it in the Dungeon)
 N - the amulet of the Air (around neck) {Inacc +Fly rElec EV+5 RMsl}
   (You found it in the Dungeon)

   [amulet of inaccuracy]

   It reduces the accuracy of all your attacks.
   It affects your evasion (+5).
   It insulates you from electricity.
   It lets you fly.
   It protects you from missiles.
 P - the ring "Nelobank" (right hand) {rF+ rC++}
   (You took it off a vault guard in the Dungeon)

   [ring of protection from fire]

   It protects you from fire.
   It greatly protects you from cold.
 Q - the ring "Ohacaelu" {+Fly rC++ Int-2 Slay+2}
   (You found it in the Dungeon)

   [ring of flight]

   It affects your intelligence (-2).
   It affects your accuracy and damage with ranged weapons and melee attacks
   (+2).
   It greatly protects you from cold.
   It lets you fly.
 W - the amulet "Ytakiska" {Reflect rF++ SH+4}
   (You found it in the Dungeon)

   [amulet of reflection]

   It shields you and reflects attacks.
   It greatly protects you from fire.
   It affects your SH (+4).
 X - the amulet of Dodag {rElec rC++ Regen+}
   (You found it in the Dungeon)

   [amulet of regeneration]

   It greatly protects you from cold.
   It insulates you from electricity.
   It increases your rate of regeneration.
 Y - the ring "Xihodum" {rF+ MR+}
   (You found it in the Dungeon)

   [ring of protection from magic]

   It protects you from fire.
   It affects your resistance to hostile enchantments.
Wands
 y - a wand of disintegration (7/24)
   (You found it in the Dungeon)
 A - a wand of iceblast (4/15)
   (You found it in the Dungeon)
 B - a wand of lightning (5/15)
   (You found it in the Dungeon)
 C - a wand of acid (5/15)
   (You found it in the Dungeon)
Scrolls
 k - 4 scrolls of blinking {!r}
 q - 4 scrolls of amnesia
 r - 3 scrolls of recharging
 s - 7 scrolls of fog
 t - a scroll of holy word {!r}
 u - 5 scrolls of identify
 v - 5 scrolls of remove curse
 w - a scroll of fear
Potions
 d - 4 potions of might
 e - 10 potions of curing
 g - 11 potions of heal wounds
 h - 5 potions of haste
 i - 7 potions of magic
 j - 3 potions of berserk rage {!q}
 l - 2 potions of brilliance
 m - 2 potions of invisibility
 n - 4 potions of resistance
 p - 6 potions of agility
Books
 F - a manual of Throwing {!d}
   (You found it in the Dungeon)
Miscellaneous
 E - a crystal ball of energy
   (You found it in the Dungeon)
 G - a fan of gales
   (You found it in the Dungeon)
 H - 8 sacks of spiders
 L - a lightning rod (1/4)
   (You found it in the Dungeon)
 O - 6 phantom mirrors
 R - a lamp of fire
   (You found it in the Dungeon)
 S - a phial of floods
   (You found it in the Dungeon)
 V - 3 boxes of beasts
Comestibles
 f - 5 bread rations {@e1}
 x - 42 fruits
 z - 4 meat rations {@e2}
 M - 10 royal jellies
 U - 3 chunks of flesh {@w0}


   Skills:
 O Level 27 Fighting
 + Level 20.6 Maces & Flails
 O Level 27 Armour
 + Level 18.1 Dodging
 - Level 22.2 Shields
 - Level 17.3 Evocations


You had 16 spell levels left.
You didn't know any spells.

Dungeon Overview and Level Annotations

Branches:
Dungeon (1/1)

Altars:
Ashenzari
Cheibriados
Dithmenos
Elyvilon
Fedhas
Gozag
Hepliaklqana
Kikubaaqudgha
Makhleb
Nemelex Xobeh
Okawaru
Qazlal
Ru
Sif Muna
Trog
Uskayaw
Vehumet
Wu Jian
Xom
Yredelemnul
Zin
The Shining One
Beogh
Jiyva
Lugonu


Innate Abilities, Weirdness & Mutations

You are resistant to torment.
Your stone body is resilient. (AC +12)
You are immune to poison.
Your large and strong wings let you fly indefinitely.
You resist negative energy. (rN+)
You are resistant to electric shocks. (rElec)
You can survive without breathing.
You are immune to petrification.
You are immune to rotting.
You are agile. (Dex +2)


Message History

You feel much better.
Roots grasp at your feet, making movement difficult.
You block the death drake's attack.
GONNNNG!
You block the dire elephant's attack.
GONNNNG!
The dire elephant trunk-slaps you but does no damage.
The faun hits you but does no damage. The satyr closely misses you.
The spriggan air mage hits you but does no damage.
A rime drake comes into view.
You regained 25 hp, and now have 49/139 hp.
You spin and attack the moth of wrath repeatedly!
You barely miss the moth of wrath. You thrash the moth of wrath!!
The moth of wrath seems to slow down as you strike a pressure point.
You spin and attack the death drake repeatedly!
You hit the death drake. x2; You barely miss the death drake.
You spin and attack the spriggan air mage repeatedly!
You whack the spriggan air mage! You miss the spriggan air mage.
The dryad is no longer moving slowly.
You block the death drake's attack.
PTOANNNG!
You block the faun's attack.
BOUMMMMG!
You block the death drake's attack.
GONNNNG!
The spriggan air mage waves its arms in wide circles.
The air twists around and strikes you!
The moth of wrath goads the death drake on!
The death drake goes berserk!
The dire elephant tramples you but does no damage.
The dire elephant trunk-slaps you but does no damage.
A spriggan air mage comes into view.
It is wielding a +2 quarterstaff of protection.
Items here: ) = [ † an animal skin the cursed +0 flail of Ijuoskits {crush, +Fly rElec rF+ SInv} the ring of Zuipsakh {rN+ SInv}; a spriggan corpse Unknown command.
Unknown command.
Unknown command.
You spin and attack the moth of wrath repeatedly!
You thrash the moth of wrath!!
You kill the moth of wrath!
The Council accepts your kill.
You spin and attack the dire elephant repeatedly!
You whack the dire elephant! You thrash the dire elephant!!
The dire elephant seems to slow down as you strike a pressure point.
You whack the dire elephant!
You escape the reach of the grasping roots.
You fly up into the air.
The death drake misses you.
The spriggan air mage points at you and mumbles some strange words.
The bolt of lightning hits you! You resist.
* * * LOW HITPOINT WARNING * * *
You block the satyr's attack.
PTOANNNG!
You block the faun's attack.
SHROANNG!
The spriggan air mage waves its arms in wide circles.
The air twists around and violently strikes you in flight!
* * * LOW HITPOINT WARNING * * *
The spriggan druid calls out to the beasts of the wild!
You block the death drake's attack.
GONNNNG!
The spriggan air mage waves its arms in wide circles.
The air twists around and violently strikes you in flight!
* * * LOW HITPOINT WARNING * * *
The dire elephant barely misses you.
The dire elephant trunk-slaps you but does no damage.
You hear a deafening roar!
You hear an angry hiss.
You see here a dryad corpse.
You take 48 damage, and have 2/139 hp.
MASSIVE DAMAGE!!
Put on which piece of jewellery? (? for menu, Esc to quit)
Okay, then.
Unknown command.
Unknown command.
Unknown command.
Unknown command.
You feel much better. You block the death drake's attack.
BOUMMMMG!
You block the dryad's attack.
SHROANNG!
The satyr hits you but does no damage. The faun hits you but does no damage.
You block the death drake's attack.
BONNNG!
The spriggan air mage waves its arms in wide circles.
The air twists around and violently strikes you in flight!
* * * LOW HITPOINT WARNING * * *
You regained 21 hp, and now have 23/139 hp.
You spin and attack the death drake repeatedly!
You closely miss the death drake.
You punish the death drake, causing immense pain!!!
You spin and attack the shambling mangrove repeatedly!
You thrash the shambling mangrove!! x2
Roots rise up to grasp you, but you nimbly evade.
You block the death drake's attack.
BONNNG!
You block the death drake's attack.
GONNNNG!
The spriggan air mage waves its arms in wide circles.
The air twists around and violently strikes you in flight!
You die...

§. §) } §§ §§
§[§|
§§§§§§§§":}")iR?
▓§§§§§§§..§§bbi..
▓§§§§§§§§§..§.f..
▓§§iik§§§...§c...
▓§fkR§§§§§§§§....
▓§@Yc§§§§§§f§....
▓§§i§§i§§)[.§§P..
▓§§§c§§§i§)[..P..
▓.§§§§Y§Y§§.§.P..
§§§▓i§R§§§.▓P..
§P§▓▓▓§i§§§▓▓ ..
PP..▓§§§i§§.▓...
...§§§§§§§.§§...
........§§§P....


You could see a dire elephant, a shambling mangrove, a death drake (berserk), a
satyr, a dryad, a faun, 2 spriggan air magi and a spriggan druid.

Vanquished Creatures
  2 pandemonium lords (D)
  2 shard shrikes (shapeshifter) (D)
  A caustic shrike (shapeshifter) (D)
  4 liches (D)
  An Ice Fiend (D)
  A titan (shapeshifter) (D)
  A quicksilver dragon (shapeshifter) (D)
  An Executioner (D)
  A shadow dragon (D)
  A sphinx (shapeshifter) (D)
  4 nagarajas (D)
  A thorn hunter (D)
  2 iron dragons (shapeshifter) (D)
  A cacodemon (D)
  A draconian scorcher (D)
  3 draconian knights (D)
  A fire giant (shapeshifter) (D)
  An emperor scorpion (D)
  4 spriggan defenders (D)
  A draconian annihilator (D)
  An entropy weaver (D)
  2 draconian shifters (D)
  2 stone giants (D)
  A very ugly thing (D)
  2 vampire knights (D)
  2 stone giants (shapeshifter) (D)
  4 ghouls (D)
  An apis (D)
  4 purple draconians (D)
  A dire elephant (shapeshifter) (D)
  2 red draconians (D)
  A black draconian (D)
  3 white draconians (D)
  5 yellow draconians (D)
  A fire dragon (D)
  A yaktaur captain (D)
  14 vault guards (D)
  A hydra (shapeshifter) (D)
  7 naga warriors (D)
  A hydra (D)
  3 anacondas (D)
  7 spriggan air magi (D)
  An alligator (shapeshifter) (D)
  3 satyrs (D)
  A death scarab (D)
  3 vampire magi (D)
  8 spriggan berserkers (D)
  An orc high priest (D)
  2 shock serpents (shapeshifter) (D)
  A soul eater (D)
  A sun demon (D)
  A large abomination (D)
  4 skeletal warriors (D)
  2 iron trolls (shapeshifter) (D)
  A death drake (D)
  An unseen horror (shapeshifter) (D)
  An infernal demonspawn (D)
  2 swamp dragons (D)
  A death drake (shapeshifter) (D)
  A shambling mangrove (D)
  2 lindwurms (shapeshifter) (D)
  A harpy (shapeshifter) (D)
  4 necromancers (D)
  2 manticores (shapeshifter) (D)
  3 deep elf magi (D)
  4 wolf spiders (D)
  2 shining eyes (D)
  2 fauns (shapeshifter) (D)
  A moth of wrath (shapeshifter) (D)
  2 moths of wrath (D)
  2 ugly things (D)
  An orange demon (D)
  A spiny frog (shapeshifter) (D)
  A torpor snail (D)
  9 black mambas (D)
  7 guardian serpents (D)
  15 naga magi (D)
  A guardian serpent (shapeshifter) (D)
  2 water nymphs (shapeshifter) (D)
  2 rime drakes (D)
  2 yaktaurs (shapeshifter) (D)
  2 dryads (D)
  3 yaktaurs (D)
  2 demonic crawlers (D)
  3 jumping spiders (D)
  A meliai (shapeshifter) (D)
  A queen bee (shapeshifter) (D)
  A jumping spider (shapeshifter) (D)
  2 merfolk (shapeshifter) (D)
  A hornet (shapeshifter) (D)
  3 wind drakes (D)
  A hornet (D)
  2 blink frogs (shapeshifter) (D)
  A raiju (shapeshifter) (D)
  A wind drake (shapeshifter) (D)
  2 redbacks (shapeshifter) (D)
  2 spriggans (shapeshifter) (D)
  A yak (D)
  6 shadows (D)
  A redback (D)
  2 tarantellas (D)
  5 vampires (D)
  3 ynoxinuls (D)
  A flying skull (D)
  2 humans (shapeshifter) (D)
  A golden eye (shapeshifter) (D)
  A steam dragon (D)
  A hog (shapeshifter) (D)
  3 neqoxecs (D)
  7 nagas (D)
  A swamp worm (shapeshifter) (D)
  An acid dragon (D)
  An acid dragon (shapeshifter) (D)
  7 water moccasins (D)
  6 hell hounds (D)
  A water moccasin (shapeshifter) (D)
  A floating eye (shapeshifter) (D)
  2 swamp drakes (D)
  An eye of draining (shapeshifter) (D)
  A black bear (shapeshifter) (D)
  A wolf (shapeshifter) (D)
  3 necrophages (D)
  8 wights (D)
  4 crimson imps (D)
  2 quasits (D)
  An iron imp (D)
  A mummy (D)
  5 adders (D)
  An adder (shapeshifter) (D)
  4 ufetubi (D)
  An adder zombie (D)
  6 adder skeletons (D)
  7 ball pythons (D)
  4 bat skeletons (D)
  3 bat zombies (D)
  A ball python zombie (D)
  2 giant cockroach zombies (D)
  A jackal zombie (D)
  3 leopard gecko skeletons (D)
  A leopard gecko zombie (D)
  A quokka zombie (D)
345 creatures vanquished.

Vanquished Creatures (others)
  A vault guard (D)
  An adder (D)
  A bat skeleton (D)
  A leopard gecko zombie (D)
4 creatures vanquished.

Grand Total: 349 creatures vanquished

Notes
Turn   | Place    | Note
-------+----------+-------------------------------------------
     0 | D        | esc the Gargoyle Fighter began the quest for the Orb.
     0 | D        | Reached XP level 1. HP: 14/14 MP: 1/1
     0 | D        | Found a deep blue altar of Sif Muna.
     0 | D        | Found a sacrificial altar of Ru.
     0 | D        | Found a bloodstained altar of Trog.
     0 | D        | Found a stormy altar of Qazlal.
     0 | D        | Found an iron altar of Okawaru.
     0 | D        | Found a sparkling altar of Nemelex Xobeh.
     0 | D        | Found a blossoming altar of Fedhas.
     2 | D        | Found an ancient bone altar of Kikubaaqudgha.
     2 | D        | Found a viscous altar of Jiyva.
     2 | D        | Found a corrupted altar of Lugonu.
     2 | D        | Found a hazy altar of Hepliaklqana.
     2 | D        | Found a burning altar of Makhleb.
     2 | D        | Found an opulent altar of Gozag.
    37 | D        | Reached skill level 4 in Fighting
    37 | D        | Reached skill level 3 in Maces & Flails
    37 | D        | Reached skill level 4 in Armour
    37 | D        | Reached skill level 2 in Dodging
    37 | D        | Reached skill level 4 in Shields
    37 | D        | Reached XP level 2. HP: 20/20 MP: 2/2
   119 | D        | Became a worshipper of the Wu Jian Council
   131 | D        | Entered arena 1.
   131 | D        | Noticed a necrophage
   131 | D        | Noticed a necrophage
   133 | D        | Killed a necrophage
   133 | D        | Reached skill level 6 in Fighting
   133 | D        | Reached skill level 5 in Maces & Flails
   133 | D        | Reached skill level 6 in Armour
   133 | D        | Reached skill level 6 in Shields
   133 | D        | Reached XP level 3. HP: 27/27 MP: 3/3
   133 | D        | Reached XP level 4. HP: 32/32 MP: 4/4
   134 | D        | Killed a necrophage
   134 | D        | Reached skill level 7 in Fighting
   134 | D        | Reached skill level 7 in Armour
   134 | D        | Reached skill level 7 in Shields
   134 | D        | Reached XP level 5. HP: 38/38 MP: 5/5
   142 | D        | Entered arena 2.
   146 | D        | Reached * piety under Wu Jian
   153 | D        | Reached ** piety under Wu Jian
   153 | D        | Reached skill level 6 in Maces & Flails
   157 | D        | Entered arena 3.
   157 | D        | Noticed a death scarab
   157 | D        | Noticed a flying skull
   160 | D        | Killed a death scarab
   160 | D        | Reached skill level 9 in Fighting
   160 | D        | Reached skill level 8 in Maces & Flails
   160 | D        | Reached skill level 9 in Armour
   160 | D        | Reached skill level 9 in Shields
   160 | D        | Reached XP level 6. HP: 41/48 MP: 6/6
   160 | D        | Reached XP level 7. HP: 44/52 MP: 7/7
   163 | D        | Reached XP level 8. HP: 49/57 MP: 8/8
   166 | D        | Killed a flying skull
   166 | D        | Reached *** piety under Wu Jian
   166 | D        | Reached skill level 10 in Fighting
   166 | D        | Reached skill level 10 in Armour
   166 | D        | Reached skill level 10 in Shields
   213 | D        | Entered arena 4.
   213 | D        | Noticed a deep elf mage
   213 | D        | Noticed an orc high priest
   213 | D        | Noticed a deep elf mage
   213 | D        | Noticed a deep elf mage
   214 | D        | Noticed a tarantella
   219 | D        | Killed a deep elf mage
   219 | D        | Reached skill level 9 in Maces & Flails
   219 | D        | Reached skill level 3 in Dodging
   219 | D        | Reached skill level 2 in Evocations
   220 | D        | Noticed a soul eater
   223 | D        | Killed an orc high priest
   223 | D        | Reached skill level 11 in Fighting
   223 | D        | Reached skill level 11 in Armour
   223 | D        | Reached skill level 4 in Dodging
   223 | D        | Reached skill level 11 in Shields
   223 | D        | Reached skill level 3 in Evocations
   223 | D        | Reached XP level 9. HP: 57/64 MP: 8/11
   229 | D        | Killed a deep elf mage
   229 | D        | Reached skill level 10 in Maces & Flails
   229 | D        | Reached skill level 4 in Evocations
   232 | D        | Killed a deep elf mage
   232 | D        | Reached **** piety under Wu Jian
   232 | D        | Reached skill level 5 in Dodging
   304 | D        | Entered arena 5.
   304 | D        | Noticed a large abomination
   304 | D        | Noticed a red very ugly thing
   315 | D        | Killed a large abomination
   315 | D        | Reached XP level 10. HP: 69/71 MP: 13/13
   316 | D        | Killed a red very ugly thing
   316 | D        | Reached skill level 12 in Fighting
   316 | D        | Reached skill level 11 in Maces & Flails
   316 | D        | Reached skill level 12 in Armour
   316 | D        | Reached skill level 12 in Shields
   317 | D        | Reached ***** piety under Wu Jian
   336 | D        | Entered arena 6.
   358 | D        | Entered arena 7.
   358 | D        | Noticed a cyan ugly thing
   358 | D        | Noticed a guardian serpent
   358 | D        | Noticed a shining eye
   358 | D        | Gained mutation: You are agile. (Dex +2) [a shining eye]
   361 | D        | Killed a guardian serpent
   365 | D        | Killed a shining eye
   365 | D        | Reached skill level 13 in Fighting
   365 | D        | Reached skill level 13 in Armour
   365 | D        | Reached skill level 13 in Shields
   366 | D        | Reached skill level 12 in Maces & Flails
   368 | D        | Reached ****** piety under Wu Jian
   377 | D        | Killed a cyan ugly thing
   384 | D        | Entered arena 8.
   384 | D        | Noticed a cyan ugly thing
   384 | D        | Noticed a shining eye
   385 | D        | Noticed a lindwurm
   385 | D        | a komodo dragon changed into a lindwurm
   390 | D        | Killed a lindwurm
   390 | D        | Reached skill level 5 in Evocations
   390 | D        | Reached XP level 11. HP: 78/78 MP: 14/14
   392 | D        | Killed a cyan ugly thing
   393 | D        | Killed a shining eye
   393 | D        | Reached skill level 6 in Dodging
   396 | D        | Reached skill level 6 in Evocations
   407 | D        | Entered arena 9.
   410 | D        | Reached skill level 14 in Fighting
   410 | D        | Reached skill level 14 in Armour
   418 | D        | Reached skill level 14 in Shields
   436 | D        | Entered arena 10.
   516 | D        | Entered arena 11.
   516 | D        | Noticed a vault guard
   516 | D        | Noticed a vault guard
   516 | D        | Noticed a lich
   516 | D        | Noticed a vault guard
   516 | D        | Noticed a stone giant
   516 | D        | Noticed a vault guard
   517 | D        | Noticed a vault guard
   517 | D        | Noticed a vault guard
   517 | D        | Noticed a vault guard
   517 | D        | Noticed a vault guard
   520 | D        | Killed a lich
   520 | D        | Reached skill level 7 in Dodging
   520 | D        | Reached skill level 7 in Evocations
   520 | D        | Killed a vault guard
   520 | D        | Killed a vault guard
   520 | D        | Reached skill level 8 in Evocations
   520 | D        | Killed a stone giant
   520 | D        | Reached skill level 15 in Fighting
   520 | D        | Reached skill level 15 in Armour
   520 | D        | Reached skill level 8 in Dodging
   520 | D        | Reached skill level 15 in Shields
   520 | D        | Reached XP level 12. HP: 87/87 MP: 15/18
   523 | D        | Killed a vault guard
   523 | D        | Killed a vault guard
   523 | D        | Killed a vault guard
   523 | D        | Reached skill level 9 in Evocations
   526 | D        | Killed a vault guard
   527 | D        | Killed a vault guard
   527 | D        | Reached skill level 9 in Dodging
   528 | D        | Killed a vault guard
   563 | D        | Got the ring "Nelobank" {rF+ rC++}
   577 | D        | Entered arena 12.
   577 | D        | Noticed a four-headed hydra
   577 | D        | Noticed a fire dragon
   581 | D        | Killed a four-headed hydra
   581 | D        | Reached skill level 16 in Fighting
   581 | D        | Reached skill level 16 in Armour
   582 | D        | Reached skill level 16 in Shields
   583 | D        | Reached skill level 10 in Evocations
   584 | D        | Killed a fire dragon
   592 | D        | Got the ring "Ohacaelu" {+Fly rC++ Int-2 Slay+2}
   594 | D        | Got the ring "Zegirphea" {rCorr rElec rF+ Int-5 Stlth+}
   611 | D        | Entered arena 13.
   612 | D        | Noticed an Executioner
   612 | D        | Noticed a soul eater
   612 | D        | Noticed an Ice Fiend
   612 | D        | Noticed Zyseehext the pandemonium lord
   612 | D        | Noticed a sun demon
   612 | D        | Noticed Heutt the pandemonium lord
   612 | D        | Noticed a cacodemon
   616 | D        | Killed an Executioner
   616 | D        | Reached skill level 10 in Dodging
   616 | D        | Reached XP level 13. HP: 77/95 MP: 19/21
   616 | D        | Killed a cacodemon
   617 | D        | Reached skill level 11 in Evocations
   617 | D        | Killed an Ice Fiend
   617 | D        | Reached skill level 17 in Fighting
   617 | D        | Reached skill level 17 in Armour
   617 | D        | Reached skill level 17 in Shields
   620 | D        | Killed Heutt the pandemonium lord
   620 | D        | Reached skill level 11 in Dodging
   620 | D        | Reached skill level 12 in Evocations
   623 | D        | Killed Zyseehext the pandemonium lord
   624 | D        | Reached skill level 18 in Armour
   626 | D        | Reached skill level 18 in Fighting
   664 | D        | Entered arena 14.
   669 | D        | Reached skill level 18 in Shields
   677 | D        | Reached skill level 12 in Dodging
   677 | D        | Gained mutation: Your large and strong wings let you fly indefinitely. [Gargoyle growth]
   677 | D        | Reached XP level 14. HP: 96/104 MP: 23/23
   708 | D        | Entered arena 15.
   709 | D        | Noticed a lich
   709 | D        | Noticed a stone giant
   709 | D        | Noticed a shadow dragon
   713 | D        | Reached skill level 13 in Evocations
   716 | D        | Killed a lich
   720 | D        | Killed a shadow dragon
   720 | D        | Reached skill level 19 in Armour
   721 | D        | Reached skill level 19 in Fighting
   721 | D        | Reached skill level 19 in Shields
   723 | D        | Killed a stone giant
   723 | D        | Reached skill level 13 in Dodging
   739 | D        | Entered arena 16.
   741 | D        | Noticed an entropy weaver
   742 | D        | Noticed an emperor scorpion
   744 | D        | Reached skill level 14 in Evocations
   755 | D        | Killed an entropy weaver
   760 | D        | HP: 23/106 [emperor scorpion (9)]
   760 | D        | HP: 5/106 [jumping spider (18)]
   770 | D        | Killed an emperor scorpion
   797 | D        | Entered arena 17.
   851 | D        | Entered arena 18.
   854 | D        | Noticed a nagaraja
   862 | D        | Reached skill level 20 in Armour
   863 | D        | Reached skill level 20 in Fighting
   863 | D        | Reached XP level 15. HP: 112/112 MP: 24/26
   865 | D        | Reached skill level 20 in Shields
   868 | D        | Killed a nagaraja
   868 | D        | Reached skill level 14 in Dodging
   868 | D        | Reached skill level 15 in Evocations
   891 | D        | Entered arena 19.
   895 | D        | Noticed a red draconian shifter
   895 | D        | Noticed a purple draconian knight
   895 | D        | Noticed a white draconian shifter
   895 | D        | Noticed a black draconian knight
   895 | D        | Noticed a black draconian scorcher
   895 | D        | Noticed a green draconian knight
   901 | D        | Killed a black draconian knight
   904 | D        | Killed a black draconian scorcher
   919 | D        | Killed a purple draconian knight
   936 | D        | Killed a red draconian shifter
   937 | D        | Killed a white draconian shifter
   943 | D        | Reached skill level 21 in Armour
   945 | D        | Reached skill level 21 in Fighting
   946 | D        | Reached skill level 21 in Shields
   950 | D        | Reached skill level 15 in Dodging
   950 | D        | Reached skill level 16 in Evocations
   960 | D        | Killed a green draconian knight
  1002 | D        | Entered arena 20.
  1005 | D        | Noticed an iron giant
  1006 | D        | Noticed a glowing shapeshifter
  1006 | D        | Noticed a glowing shapeshifter
  1006 | D        | Noticed a shard shrike
  1006 | D        | Noticed a glowing shapeshifter
  1006 | D        | Noticed a shard shrike
  1006 | D        | Noticed a glowing shapeshifter
  1006 | D        | Noticed a shard shrike
  1006 | D        | Noticed a juggernaut
  1006 | D        | a shard shrike changed into a juggernaut
  1006 | D        | Noticed a shard shrike
  1006 | D        | a glowing shapeshifter changed into a shard shrike
  1006 | D        | Noticed a shard shrike
  1006 | D        | a glowing shapeshifter changed into a shard shrike
  1006 | D        | Noticed a juggernaut
  1006 | D        | a shard shrike changed into a juggernaut
  1008 | D        | Noticed a juggernaut
  1008 | D        | Noticed a titan
  1008 | D        | Noticed a juggernaut
  1008 | D        | Noticed a titan
  1008 | D        | Noticed a shard shrike
  1010 | D        | Noticed a titan
  1010 | D        | a shard shrike changed into a titan
  1011 | D        | Noticed a shard shrike
  1011 | D        | a titan changed into a shard shrike
  1013 | D        | Noticed a shard shrike
  1013 | D        | Noticed an acid blob
  1013 | D        | an iron giant changed into an acid blob
  1014 | D        | Noticed a juggernaut
  1014 | D        | a shard shrike changed into a juggernaut
  1016 | D        | Noticed an iron giant
  1016 | D        | Noticed a titan
  1016 | D        | a juggernaut changed into a titan
  1016 | D        | Noticed a juggernaut
  1016 | D        | a shard shrike changed into a juggernaut
  1017 | D        | Noticed a shard shrike
  1017 | D        | a titan changed into a shard shrike
  1017 | D        | Noticed a shard shrike
  1017 | D        | a juggernaut changed into a shard shrike
  1018 | D        | Noticed a golden dragon
  1019 | D        | Noticed a juggernaut
  1019 | D        | a shard shrike changed into a juggernaut
  1020 | D        | Noticed a quicksilver dragon
  1021 | D        | Noticed an iron dragon
  1021 | D        | an iron giant changed into an iron dragon
  1021 | D        | Noticed an iron giant
  1021 | D        | a golden dragon changed into an iron giant
  1022 | D        | Noticed a golden dragon
  1022 | D        | an iron dragon changed into a golden dragon
  1023 | D        | a quicksilver dragon changed into a stone giant
  1024 | D        | Noticed a titan
  1024 | D        | a shard shrike changed into a titan
  1024 | D        | Noticed an iron giant
  1024 | D        | a juggernaut changed into an iron giant
  1024 | D        | Noticed a shadow dragon
  1024 | D        | a golden dragon changed into a shadow dragon
  1024 | D        | Noticed a shard shrike
  1024 | D        | a juggernaut changed into a shard shrike
  1029 | D        | Noticed a golden dragon
  1029 | D        | Noticed an iron dragon
  1030 | D        | Killed a titan
  1030 | D        | Noticed a caustic shrike
  1030 | D        | an iron dragon changed into a caustic shrike
  1032 | D        | Noticed a golden dragon
  1033 | D        | Noticed a shard shrike
  1033 | D        | Noticed a shadow dragon
  1033 | D        | a golden dragon changed into a shadow dragon
  1033 | D        | Noticed a shadow dragon
  1033 | D        | a caustic shrike changed into a shadow dragon
  1034 | D        | Noticed a golden dragon
  1034 | D        | a shard shrike changed into a golden dragon
  1035 | D        | Noticed an iron dragon
  1035 | D        | a golden dragon changed into an iron dragon
  1037 | D        | Noticed a frost giant
  1038 | D        | Noticed an iron dragon
  1038 | D        | a shadow dragon changed into an iron dragon
  1039 | D        | Noticed an azure jelly
  1039 | D        | Noticed a fire giant
  1039 | D        | a shadow dragon changed into a fire giant
  1042 | D        | Reached XP level 16. HP: 122/122 MP: 28/28
  1042 | D        | Noticed a shadow dragon
  1042 | D        | an iron dragon changed into a shadow dragon
  1043 | D        | Noticed an acid blob
  1043 | D        | a shadow dragon changed into an acid blob
  1045 | D        | Reached skill level 22 in Armour
  1045 | D        | Reached skill level 22 in Fighting
  1045 | D        | Reached skill level 17 in Evocations
  1046 | D        | an acid blob changed into a fire giant
  1048 | D        | Noticed an azure jelly
  1048 | D        | a fire giant changed into an azure jelly
  1052 | D        | Reached skill level 22 in Shields
  1053 | D        | Noticed an acid blob
  1053 | D        | an iron dragon changed into an acid blob
  1054 | D        | Reached skill level 16 in Dodging
  1055 | D        | an azure jelly changed into an iron troll
  1055 | D        | Noticed a caustic shrike
  1055 | D        | an acid blob changed into a caustic shrike
  1060 | D        | Noticed a sphinx
  1060 | D        | an alligator snapping turtle changed into a sphinx
  1060 | D        | a caustic shrike changed into an iron dragon
  1061 | D        | Killed a sphinx
  1077 | D        | Got the amulet "Ytakiska" {Reflect rF++ SH+4}
  1110 | D        | Entered arena 21.
  1113 | D        | Noticed a shard shrike
  1118 | D        | Noticed a titan
  1118 | D        | Noticed a shard shrike
  1118 | D        | Noticed a titan
  1119 | D        | Noticed a titan
  1119 | D        | Noticed a sphinx
  1119 | D        | Noticed a titan
  1119 | D        | a shard shrike changed into a titan
  1120 | D        | Noticed a juggernaut
  1120 | D        | a titan changed into a juggernaut
  1120 | D        | a sphinx changed into a frost giant
  1121 | D        | Noticed an acid blob
  1121 | D        | a titan changed into an acid blob
  1122 | D        | Noticed a titan
  1122 | D        | Noticed an acid blob
  1122 | D        | a titan changed into an acid blob
  1123 | D        | Noticed a golden dragon
  1123 | D        | an acid blob changed into a golden dragon
  1124 | D        | Noticed a shard shrike
  1124 | D        | Noticed a shard shrike
  1124 | D        | a titan changed into a shard shrike
  1126 | D        | Noticed a juggernaut
  1126 | D        | a shard shrike changed into a juggernaut
  1129 | D        | Noticed a shard shrike
  1129 | D        | a juggernaut changed into a shard shrike
  1130 | D        | Reached skill level 13 in Maces & Flails
  1131 | D        | Noticed a golden dragon
  1131 | D        | a shard shrike changed into a golden dragon
  1134 | D        | Killed a shard shrike
  1134 | D        | Reached skill level 23 in Fighting
  1134 | D        | Reached skill level 23 in Armour
  1134 | D        | Noticed an iron giant
  1134 | D        | a golden dragon changed into an iron giant
  1136 | D        | Reached skill level 14 in Maces & Flails
  1142 | D        | Noticed a golden dragon
  1142 | D        | an iron giant changed into a golden dragon
  1145 | D        | Noticed a shadow dragon
  1145 | D        | a stone giant changed into a shadow dragon
  1146 | D        | Noticed a shard shrike
  1146 | D        | Noticed a quicksilver dragon
  1146 | D        | a dire elephant changed into a quicksilver dragon
  1146 | D        | Noticed a quicksilver dragon
  1146 | D        | a shadow dragon changed into a quicksilver dragon
  1148 | D        | a quicksilver dragon changed into an alligator snapping turtle
  1149 | D        | Killed a shard shrike
  1150 | D        | Noticed a shadow dragon
  1150 | D        | an alligator snapping turtle changed into a shadow dragon
  1151 | D        | Noticed a caustic shrike
  1151 | D        | a shadow dragon changed into a caustic shrike
  1152 | D        | Killed a quicksilver dragon
  1152 | D        | Reached skill level 15 in Maces & Flails
  1152 | D        | Killed a caustic shrike
  1152 | D        | Reached skill level 24 in Fighting
  1152 | D        | Reached skill level 24 in Armour
  1311 | D        | Entered arena 22.
  1315 | D        | Noticed a lich
  1316 | D        | Noticed a Hell Sentinel
  1316 | D        | Noticed a lich
  1317 | D        | Noticed a Tzitzimitl
  1323 | D        | Killed a lich
  1324 | D        | Reached skill level 16 in Maces & Flails
  1331 | D        | Reached XP level 17. HP: 133/133 MP: 29/29
  1334 | D        | Killed a lich
  1334 | D        | Reached skill level 25 in Fighting
  1334 | D        | Reached skill level 17 in Maces & Flails
  1334 | D        | Reached skill level 25 in Armour
  1392 | D        | Entered arena 23.
  1418 | D        | Reached skill level 18 in Maces & Flails
  1436 | D        | Reached skill level 26 in Armour
  1439 | D        | Reached skill level 26 in Fighting
  1489 | D        | Got the amulet of Dodag {rElec rC++ Regen+}
  1498 | D        | Got the ring "Xihodum" {rF+ MR+}
  1541 | D        | Entered arena 24.
  1552 | D        | Reached skill level 19 in Maces & Flails
  1560 | D        | Reached skill level 17 in Dodging
  1569 | D        | Reached skill level 20 in Maces & Flails
  1573 | D        | Reached skill level 27 in Fighting
  1573 | D        | Reached skill level 27 in Armour
  1580 | D        | Reached skill level 18 in Dodging
  1580 | D        | HP: 4/139 [spriggan air mage/the air (41)]
  1585 | D        | HP: 7/139 [spriggan air mage/the air (33)]
  1585 | D        | HP: 2/139 [spriggan air mage/the air (5)]
  1587 | D        | Killed from afar by a spriggan air mage

Vault maps used:
D:        sprint_v

Skill      XL: |  1  2  3  4  5  6  7  8  9 10 11 12 13 14 15 16 17 |
---------------+----------------------------------------------------+-----
Fighting       | 4 6 7 9 11 13 15 16 18 20 21 24 27 | 27.0
Maces & Flails | 3 5 8 9 10 12 16 20 | 20.6
Armour         | 4 6 7 9 11 13 15 16 18 20 21 24 27 | 27.0
Dodging        | 2 4 5 8 10 12 13 15 16 18 | 18.1
Shields        | 4 6 7 9 11 13 15 16 18 19 21 22 | 22.2
Evocations     | 3 4 5 8 10 12 14 16 17 | 17.3

Action                   |  1- 3 |  4- 6 |  7- 9 | 10-12 | 13-15 | 16-18 || total
-------------------------+-------+-------+-------+-------+-------+-------++-------
Melee: Demon whip        |     1 |    15 |    71 |   203 |   639 |   559 ||  1488
Invok: Serpent's Lash    |       |       |       |     7 |     8 |     8 ||    23
       Heaven On Earth   |       |       |       |     3 |     7 |     4 ||    14
 Abil: Stop Flying       |       |       |       |       |       |     1 ||     1
Evoke: Wand              |     1 |       |       |       |       |       ||     1
       Lightning rod     |       |       |       |       |       |     3 ||     3
       Lamp of fire      |       |       |       |       |       |     1 ||     1
  Use: Potion            |     1 |       |       |     2 |     2 |     3 ||     8
       Scroll            |       |       |       |       |     1 |     2 ||     3
 Stab: Fleeing           |       |       |       |       |     2 |       ||     2
  Eat: Royal jelly       |       |       |       |       |     5 |       ||     5
Armor: Plate armour      |       |     4 |    10 |    18 |   163 |    91 ||   286
Dodge: Dodged            |       |       |     4 |    10 |   123 |    82 ||   219
       Deflected         |       |       |       |       |     8 |     5 ||    13
Block: Shield            |       |    11 |    43 |    65 |   332 |   348 ||   799

Vault maps used:
D:        sprint_v

Table legend:
 A = Turns spent in this place as a percentage of turns spent in the entire game.
 B = Non-inter-level travel turns spent in this place as a percentage of non-inter-level travel turns spent in the entire game.
 C = Inter-level travel turns spent in this place as a percentage of turns spent in this place.
 D = Turns resting spent in this place as a percentage of non-inter-level travel turns spent in this place.
 E = Turns spent auto-exploring this place as a percentage of non-inter-level travel turns spent in this place.
 F = Non-inter-level travel turns spent in this place divided by the number of levels of this place that you've seen.
                   A       B       C       D       E      F
               +-------+-------+-------+-------+-------+----------------------
         Total | 100.0 | 100.0 |   0.1 |   1.5 |   0.0 | 1557.0
       Dungeon | 100.0 | 100.0 |   0.1 |   1.5 |   0.0 | 1557.0
               +-------+-------+-------+-------+-------+----------------------

Table legend:
 A = Kills in this place as a percentage of kills in entire the game.
 B = Kills by you in this place as a percentage of kills by you in the entire game.
 C = Kills by friends in this place as a percentage of kills by friends in the entire game.
 D = Other kills in this place as a percentage of other kills in the entire game.
 E = Experience gained in this place as a percentage of experience gained in the entire game.
 F = Experience gained in this place divided by the number of levels of this place that you have seen.
                   A       B       C       D       E      F
               +-------+-------+-------+-------+-------+----------------------
         Total | 100.0 | 100.0 |  -nan | 100.0 | 100.0 | 239048.0
       Dungeon | 100.0 | 100.0 |  -nan | 100.0 | 100.0 | 239048.0
               +-------+-------+-------+-------+-------+----------------------
